 Dungeon Crawl Stone Soup version 0.29.1-12-g30fa7ad0bf (webtiles) character file.

Game seed: 16799853468196843797

310 cheesebisquit the Basher (level 6, 0/51 HPs)
             Began as a Minotaur Berserker on Dec 16, 2022.
             Was a Believer of Trog.
             Slain by an orc
             ... wielding a +0 club
              (2 damage)
             ... on level 3 of the Dungeon.
             The game lasted 00:07:42 (2377 turns).

cheesebisquit the Basher (Minotaur Berserker)       Turns: 2377, Time: 00:07:42

Health: 0/51       AC:  5    Str: 22    XL:     6   Next: 18%
Magic:  5/5        EV: 11    Int:  4    God:    Trog [**....]
Gold:   55         SH:  0    Dex: 17    Spells: 5/5 levels left

rFire   . . .      SeeInvis .   a - +0 mace
rCold   . . .      Faith    .   (no shield)
rNeg    + . .      Spirit   .   d - +0 ring mail
rPois   .          Reflect  .   (helmet restricted)
rElec   .          Harm     .   (no cloak)
rCorr   .          Rampage  .   (no gloves)
Will    .....                   (no boots)
Stlth   +.........              (no amulet)
HPRegen 0.17/turn               j - ring of positive energy
MPRegen 0.09/turn               l - +6 ring of dexterity

@: mighty, brilliant, on berserk cooldown, attractive, slowed, invisible, very
slow
A: horns 2, retaliatory headbutt
a: Renounce Religion, Berserk, Trog's Hand


You were on level 3 of the Dungeon.
You worshipped Trog.
Trog was pleased with you.
You visited 1 branch of the dungeon, and saw 3 of its levels.

You collected 55 gold pieces.

Inventory:

Hand Weapons
 a - a +0 mace (weapon)
Missiles
 m - 18 stones (quivered)
 n - 2 poisoned darts
Armour
 b - a +0 animal skin
 d - a +0 ring mail (worn)
Jewellery
 j - a ring of positive energy (left hand)
 l - a +6 ring of dexterity (right hand)
 o - a ring of protection from fire
Wands
 p - a wand of flame (18)
Scrolls
 e - 3 scrolls of identify
 g - a scroll of teleportation {unknown}
 r - a scroll of enchant weapon {unknown}
 s - a scroll of poison {unknown}
Potions
 c - 3 potions of attraction
 h - a potion of curing
 i - a potion of brilliance
 k - a potion of resistance {unknown}
 q - a potion of invisibility
 t - a potion of haste {unknown}


   Skills:
 - Level 3.6 Fighting
 + Level 8.4 Maces & Flails
 - Level 2.4 Armour
 - Level 2.1 Dodging


You had 5 spell levels left.
You didn't know any spells.
Your spell library was empty.

Dungeon Overview and Level Annotations

Branches:
Dungeon (3/15)

Altars:
Xom


Innate Abilities, Weirdness & Mutations

You have a pair of horns on your head.
You reflexively headbutt those who attack you in melee.


Message History

The gnoll barely misses you.
You hit the gnoll.
The gnoll is severely wounded.
The orc barely misses you. You furiously retaliate!
You headbutt the orc.
The gnoll hits you from afar with a +0 spear.
* * * LOW HITPOINT WARNING * * *
The gnoll barely misses you. You furiously retaliate!
You headbutt the gnoll.
You kill the gnoll!
Trog accepts your kill.
It was a potion of attraction.
You feel attractive to monsters. The orc barely misses you.
You furiously retaliate!
You headbutt the orc.
You kill the orc!
Trog accepts your kill. The gnoll barely misses you.
The orc hits you with a +0 club.
* * * LOW HITPOINT WARNING * * *
The orc closely misses you. The gnoll closely misses you.
The orc closely misses you.
It was a potion of invisibility.
You fade into invisibility!
The orc closely misses you. The orc misses you.
The gnoll hits you from afar with a +0 spear.
* * * LOW HITPOINT WARNING * * *
The orc closely misses you. You furiously retaliate!
You headbutt the orc.
Things that are here:
a +0 club; a +0 halberd; a gnoll corpse It was a potion of brilliance.
You feel clever all of a sudden. The orc barely misses you. x2
It was a potion of might.
You feel very mighty all of a sudden. The orc closely misses you.
The orc barely misses you.
Okay, then.
As you read the scroll labelled ULUASE CIAMU, it crumbles to dust.
It is a scroll of identify.
h - a potion of curing The orc hits you with a +0 whip.
* * * LOW HITPOINT WARNING * * *
The orc hits you with a +0 club.
You die...

...... ##.#..#.###.....#
......# .#...............
....... ........).#+###+#
....... .#....###........
.......#......###........
#.....)).......##........
#.#g........#........ #
#g#o##.###..#........
....##)#o@.......#.......#
......)......#........#.##
....######...##>#.......#
. ####..##.........#
#...............##
#......^..<.....#
#........######.#
#.......... ##
#..........#


You could see a gnoll (unable to see you) and 2 orcs.

Vanquished Creatures
  Sigmund (D:2)
  An orc priest (D:3)
  3 gnolls (D:3)
  3 adders
  2 worms (D:2)
  3 dart slugs
  4 orcs (D:3)
  5 ball pythons
  3 endoplasms
  3 giant cockroaches
  5 goblins
  5 hobgoblins
  3 jackals (D:2)
  5 quokkas
  4 bats
  5 frilled lizards
  6 kobolds
  4 rats (D:2)
65 creatures vanquished.

Vanquished Creatures (others)
  4 plants (D:3)
4 creatures vanquished.

Grand Total: 69 creatures vanquished

Notes
Turn   | Place    | Note
-------+----------+-------------------------------------------
     0 | D:1      | cheesebisquit the Minotaur Berserker began the quest for
                  | the Orb.
     0 | D:1      | Reached XP level 1. HP: 19/19 MP: 0/0
    75 | D:1      | Reached skill level 4 in Maces & Flails
   320 | D:1      | Found a faded altar of an unknown god.
   332 | D:1      | Reached XP level 2. HP: 20/26 MP: 1/1
  1072 | D:2      | Found a shimmering altar of Xom.
  1111 | D:2      | Reached skill level 5 in Maces & Flails
  1157 | D:2      | Reached XP level 3. HP: 23/31 MP: 2/2
  1241 | D:2      | Reached ** piety under Trog
  1738 | D:2      | Noticed Sigmund
  1748 | D:2      | Killed Sigmund
  1749 | D:2      | Reached skill level 7 in Maces & Flails
  1749 | D:2      | Reached XP level 4. HP: 39/39 MP: 3/3
  1749 | D:2      | Reached XP level 5. HP: 45/45 MP: 4/4
  2316 | D:3      | Reached skill level 8 in Maces & Flails
  2367 | D:3      | Reached XP level 6. HP: 9/51 MP: 5/5
  2371 | D:3      | HP: 2/51 [orc/+0 club (3)]
  2377 | D:3      | HP: 2/51 [orc/+0 whip (1)]
  2377 | D:3      | Slain by an orc

Illustrated notes

Levels and vault maps discovered:
D:1:      saegor_arrival_under_anarchy, layout_basic,
          hellmonk_ecumenical_altar_blasted
D:2:      layout_basic, basic_altar, minmay_misc_feat_tower, uniq_sigmund
D:3:      minmay_octagon_keep, layout_basic, serial_bayou_pond_c,
          chequers_avenue

Skill      XL: |  1  2  3  4  5 |
---------------+----------------+-----
Maces & Flails | 4 5 7 8 |  8.4
Fighting       | |  3.6
Armour         | |  2.4
Dodging        | |  2.1

Action                   |  1- 3 |  4- 6 || total
-------------------------+-------+-------++-------
Melee: Mace              |    80 |    40 ||   120
       Headbutt          |    13 |     6 ||    19
       Punch             |     1 |     2 ||     3
Invok: Berserk           |     1 |     1 ||     2
       Trog's Hand       |     1 |     1 ||     2
  Use: Potion            |       |     4 ||     4
       Scroll            |       |     1 ||     1
Armor: Animal skin       |     4 |       ||     4
       Ring mail         |    20 |     9 ||    29
Dodge: Dodged            |    55 |    36 ||    91
